 Dungeon Crawl Stone Soup version 0.30-a0-840-ga523dec638 (webtiles) character file.

Game seed: 10879889221722589472

2186 Newt the Skirmisher (level 9, -3/56 HPs)
             Began as a Kobold Hunter on Mar 2, 2023.
             Slain by a hornet (6 damage)
             ... on level 8 of the Dungeon.
             The game lasted 00:05:52 (6814 turns).

Newt the Skirmisher (Kobold Hunter)                 Turns: 6814, Time: 00:05:53

Health: -3/56      AC:  8    Str:  8    XL:     9   Next: 59%
Magic:  9/9        EV: 16    Int: 10    God:
Gold:   460        SH:  0    Dex: 23    Spells: 8/8 levels left

rFire   + . .      SeeInvis +    a - +2 shortbow
rCold   + + .      Faith    .    (shield currently unavailable)
rNeg    + . .      Spirit   .    o - +1 ring mail "Loteedib" {rC+ Regen+ rCorr SInv}
rPois   +          Reflect  .    (no helmet)
rElec   +          Harm     .    (no cloak)
rCorr   +          Rampage  .    (no gloves)
Will    .....                    w - +0 pair of boots
Stlth   +++                      q - amulet of regeneration
HPRegen 1.89/turn                e - ring of positive energy
MPRegen 0.11/turn                (no ring)

@: lethally poisoned (-3 -> -4), resistant, slowed, very slow
A: small, no large weapons, nightstalker 3
a: no special abilities


You were on level 8 of the Dungeon.
You visited 2 branches of the dungeon, and saw 9 of its levels.

You collected 460 gold pieces.

Inventory:

Hand Weapons
 a - a +2 shortbow (weapon)
Missiles
 x - a throwing net
Armour
 c - a +1 leather armour
 o - the +1 ring mail "Loteedib" (worn) {rC+ Regen+ rCorr SInv}
   (You found it on level 3 of the Dungeon)

   rC:        It protects you from cold.
   SInv:      It lets you see invisible.
   Regen:     It increases your rate of health regeneration.
   rCorr:     It protects you from acid and corrosion.
 w - a +0 pair of boots (worn)
Jewellery
 e - a ring of positive energy (left hand)
 f - an amulet of magic regeneration
 q - an amulet of regeneration (around neck)
Wands
 t - a wand of charming (9)
 A - a wand of flame (12)
Scrolls
 b - 2 scrolls of immolation
 d - 2 scrolls of enchant armour
 j - a scroll of noise
 k - 2 scrolls of poison
 l - 3 scrolls of vulnerability
 m - a scroll of magic mapping
 p - a scroll of blinking
 y - 2 scrolls of teleportation {unknown}
 z - 4 scrolls of identify
 C - a scroll of butterflies {unknown}
 D - a scroll of silence
 E - a scroll of amnesia {unknown}
Potions
 h - 4 potions of flight
 i - 3 potions of attraction
 n - 2 potions of might
 r - a potion of haste
 s - a potion of mutation
 u - 2 potions of lignification
 B - a potion of berserk rage {unknown}


   Skills:
 + Level 6.3 Fighting
 - Level 10.0 Ranged Weapons
 - Level 6.0 Armour
 - Level 6.0 Dodging
 - Level 1.3 Stealth


You had 8 spell levels left.
You didn't know any spells.
Your spell library contained the following spells:

 Spells                   Type           Power      Damage    Failure   Level
 Foxfire                  Conj/Fire      0%         2x1d4     71%         1
 Sting                    Tmut/Pois      0%         1d3       71%         1
 Poisonous Vapours        Pois/Air       0%         N/A       83%         2
 Tukima's Dance           Hex            0%         N/A       97%         3
 Olgreb's Toxic Radiance  Pois           0%         N/A       100%        4
 Passage of Golubria      Tloc           0%         N/A       100%        4
 Fireball                 Conj/Fire      0%         3d3       100%        5
 Yara's Violent Unravell  Hex/Tmut       0%         3d3       100%        5
 Starburst                Conj/Fire      0%         6d3       100%        6


Dungeon Overview and Level Annotations

Branches:
Dungeon (8/15)             Temple (1/1) D:4
   Lair: D:8-11

Altars:
Cheibriados
Dithmenos
Elyvilon
Fedhas
Gozag
Kikubaaqudgha
Makhleb
Nemelex Xobeh
Okawaru
Qazlal
Ru
Sif Muna
Trog
Uskayaw
Vehumet
Wu Jian
Xom
Yredelemnul
Zin

Shops:
D:2 (


Innate Abilities, Weirdness & Mutations

You are small and have problems with some larger weapons.
You are completely attuned to the shadows.


Message History

You feel as though you will be slow longer.
You can move again.
You feel sick. The hornet closely misses you.
The bullfrog hits you but does no damage.
The bullfrog attacks as you move away! The bullfrog misses you.
You feel sick. The hornet stings you!
You are more poisoned.
You feel as though you will be slow longer.
The bullfrog hits you. The hornet stings you.
You feel as though you will be slow longer.
The bullfrog closely misses you. The hornet attacks as you move away!
The hornet stings you but does no damage.
The bullfrog attacks as you move away! The bullfrog misses you.
You feel very sick. The hornet closely misses you.
The hornet attacks as you move away! The hornet stings you.
* * * LOW HITPOINT WARNING * * *
You suddenly lose the ability to move!
You feel very sick.
The hornet stings you but does no damage.
You feel sick. The hornet barely misses you. The hornet stings you!
* * * LOW HITPOINT WARNING * * *
You feel as though you will be slow longer.
You feel sick.
The hornet stings you but does no damage.
You can move again.
Okay, then.
You feel better. The hornet stings you.
* * * LOW HITPOINT WARNING * * *
You are poisoned.
You shrug off the repeated paralysis!
The hornet stings you!
* * * LOW HITPOINT WARNING * * *
You feel as though you will be slow longer.
The hornet misses you.
It was a potion of resistance.
You feel protected.
You feel very sick. The hornet stings you.
You die...

#...##.......#
###.........##
###.......#
#...>...###
######.....
#.>..#...##
##..#...##
#.##...#
##@##..#
#y###...
#F####.. #...#
#..## ##...#
#...# #...#
##...


You could see a hornet and a bullfrog.

Vanquished Creatures
  Eustachio (D:4)
  2 sky beasts
  3 black bears
  An orc warrior (D:7)
  4 ogres
  Blork the orc (D:5)
  A kobold brigand (D:6)
  A bullfrog (D:6)
  2 necrophages (D:6)
  3 scorpions
  A howler monkey (D:7)
  2 hounds
  3 orc priests
  6 orc wizards
  12 gnolls
  6 adders
  A white imp (D:7)
  2 ufetubi
  3 worms
  A dart slug (D:3)
  9 orcs
  5 bats
  13 endoplasms
  4 giant cockroaches
  6 goblins
  12 hobgoblins
  4 jackals
  13 kobolds
  A quokka (D:3)
  6 ball pythons
  3 frilled lizards
  6 rats
138 creatures vanquished.

Vanquished Creatures (others)
  An orc wizard (D:3)
  A plant (D:1)
2 creatures vanquished.

Grand Total: 140 creatures vanquished

Notes
Turn   | Place    | Note
-------+----------+-------------------------------------------
     0 | D:1      | Newt the Kobold Hunter began the quest for the Orb.
     0 | D:1      | Reached XP level 1. HP: 12/12 MP: 1/1
   148 | D:1      | Reached XP level 2. HP: 18/18 MP: 2/2
   308 | D:1      | Reached XP level 3. HP: 23/23 MP: 3/3
   760 | D:2      | Reached XP level 4. HP: 30/30 MP: 4/4
   828 | D:2      | Reached skill level 5 in Fighting
   870 | D:2      | Reached XP level 5. HP: 13/35 MP: 5/5
   956 | D:2      | Found Efaeruex's Weapon Shoppe.
  1017 | D:2      | Found a sparkling altar of Nemelex Xobeh.
  1516 | D:3      | Reached skill level 6 in Ranged Weapons
  1789 | D:3      | Found a shimmering altar of Xom.
  1825 | D:3      | Identified the +1 ring mail "Loteedib" {rC+ Regen+ rCorr
                  | SInv}
  1995 | D:3      | Noticed a sky beast
  2008 | D:3      | Killed a sky beast
  2009 | D:3      | Reached skill level 7 in Ranged Weapons
  2009 | D:3      | Reached XP level 6. HP: 29/40 MP: 6/6
  2108 | D:3      | Reached skill level 8 in Ranged Weapons
  2300 | D:3      | Found a shimmering blue altar of Sif Muna.
  2398 | D:3      | Found a stormy altar of Qazlal.
  2485 | D:3      | Reached XP level 7. HP: 44/44 MP: 7/7
  2691 | D:4      | Reached skill level 9 in Ranged Weapons
  2909 | D:4      | Noticed Eustachio
  2932 | D:4      | Killed Eustachio
  2933 | D:4      | Reached skill level 10 in Ranged Weapons
  3106 | D:4      | Reached skill level 1 in Armour
  3192 | D:4      | Found a staircase to the Ecumenical Temple.
  3233 | Temple   | Entered the Ecumenical Temple
  3722 | D:5      | Entered Level 5 of the Dungeon
  3734 | D:5      | Reached XP level 8. HP: 34/49 MP: 8/8
  4051 | D:5      | Noticed Blork the orc
  4068 | D:5      | Killed Blork the orc
  4995 | D:6      | Reached skill level 5 in Armour
  5014 | D:6      | Reached XP level 9. HP: 52/54 MP: 9/9
  5076 | D:6      | You fall into a shaft and drop 2 floors!
  5570 | D:7      | Reached skill level 5 in Dodging
  6084 | D:6      | Found an ancient bone altar of Kikubaaqudgha.
  6801 | D:8      | Noticed a hornet
  6804 | D:8      | Paralysed by a hornet for 3 turns
  6810 | D:8      | Paralysed by a hornet for 3 turns
  6812 | D:8      | HP: 2/56 [poisoned by a hornet]
  6814 | D:8      | Slain by a hornet

Illustrated notes

Levels and vault maps discovered:
D:1:      minmay_arrival_open_corners, layout_loops_ring, nicolae_grassy_gnolls
D:2:      layout_basic, serial_shops, shop, basic_altar, nrook_mini_backslash
D:3:      layout_loops_ring, mainiacjoe_overflow_alcove_4,
          mainiacjoe_overflow_alcove_2, lemuel_doored_altar,
          minmay_misc_feat_tiny, st_stairs_2, minmay_vboxes
D:4:      layout_loops_cross, minmay_temple_entry_glass, uniq_eustachio
D:5:      layout_cave_pods, minmay_misc_feat_columns,
          nicolae_concentric_dashed_squares_wild, uniq_blork_the_orc
D:6:      layout_basic, mainiacjoe_overflow_small_starburst
D:7:      layout_rooms
D:8:      layout_layer_cave
Temple:   regret_index_temple_waves

Skill      XL: |  1  2  3  4  5  6  7  8  9 |
---------------+----------------------------+-----
Fighting       | 3 4 5 6 |  6.3
Ranged Weapons | 7 8 10 | 10.0
Armour         | 2 5 6 |  6.0
Dodging        | 6 |  6.0
Stealth        | |  1.3

Action                     |  1- 3 |  4- 6 |  7- 9 || total
---------------------------+-------+-------+-------++-------
  Melee: Shortbow          |       |     2 |     2 ||     4
   Fire: Shortbow          |    70 |   137 |   287 ||   494
    Use: Scroll            |     5 |     5 |     8 ||    18
         Potion            |       |     3 |     4 ||     7
 Armour: Leather armour    |    14 |    17 |       ||    31
         Ring mail         |       |    12 |    74 ||    86
  Dodge: Dodged            |    27 |    45 |   255 ||   327

Table legend: (Time is in decaauts)
 A = Elapsed time spent in this place.
 B = Non-inter-level travel time spent in this place.
 C = Inter-level travel time spent in this place.
 D = Time resting spent in this place.
 E = Time spent auto-exploring this place.
 F = Levels seen in this place.
 G = Mean time per level.
                   A        B        C        D        E       F      G
               +--------+--------+--------+--------+--------+-----+--------+
         Total |   6921 |   6612 |    309 |    893 |   4737 |   9 |  769.0 |
       Dungeon |   6668 |   6402 |    266 |    893 |   4540 |   8 |  833.5 |
        Temple |    252 |    210 |     42 |      0 |    197 |   1 |  252.0 |
               +--------+--------+--------+--------+--------+-----+--------+

Top non-repeatable levels by time:
     D:3: 1221 daAuts
     D:5: 1005 daAuts
     D:6: 994 daAuts
     D:7: 893 daAuts
     D:4: 830 daAuts
     D:2: 801 daAuts
     D:1: 685 daAuts
  Temple: 252 daAuts
     D:8: 237 daAuts
